 Dungeon Crawl Stone Soup version 0.30-a0-879-ga8ba668304 (webtiles) character file.

Game seed: 4477429404883290180

36 AtlasWard the Trooper (level 3, 0/40 HPs)
             Began as an Ogre Cinder Acolyte on Mar 12, 2023.
             Was a High Priest of Ignis.
             Slain by a hobgoblin (2 damage)
             ... on level 2 of the Dungeon.
             The game lasted 00:01:22 (1007 turns).

AtlasWard the Trooper (Ogre Cinder Acolyte)         Turns: 1007, Time: 00:01:23

Health: 0/40       AC:  3    Str: 20    XL:     3   Next: 37%
Magic:  4/4        EV:  9    Int: 15    God:    Ignis [*****.]
Gold:   90         SH:  0    Dex:  4    Spells: 2/4 levels left

rFire   + . .      SeeInvis .    a - -1 mace (flame)
rCold   . . .      Faith    .    (no shield)
rNeg    . . .      Spirit   .    b - +0 robe
rPois   .          Reflect  .    (helmet restricted)
rElec   .          Rampage  .    (no cloak)
rCorr   .                        (gloves unavailable)
Will    .....                    (boots unavailable)
Stlth   +                        (no amulet)
HPRegen 0.26/turn                (no ring)
MPRegen 0.09/turn                (no ring)

@: lethally poisoned (0 -> -4)
A: large, unfitting armour, tough skin 1
a: Renounce Religion, Fiery Armour, Foxfire Swarm, Rising Flame


You were on level 2 of the Dungeon.
You worshipped Ignis.
Ignis was extremely pleased with you.
You visited 1 branch of the dungeon, and saw 2 of its levels.

You collected 90 gold pieces.

Inventory:

Hand Weapons
 a - a -1 mace of flaming (weapon)
Armour
 b - a +0 robe (worn)
Jewellery
 g - an amulet of regeneration
Scrolls
 c - a scroll of noise {unknown}
 e - a scroll of enchant armour {unknown}
 h - a scroll of vulnerability {unknown}
Potions
 d - a potion of haste {unknown}
 f - a potion of heal wounds {unknown}
 i - a potion of brilliance {unknown}


   Skills:
 + Level 4.4 Fighting
 * Level 3.4 Maces & Flails
 - Level 1.2 Spellcasting
 + Level 3.0 Fire Magic


You had 2 spell levels left.
You knew the following spells:

 Your Spells              Type           Power      Damage    Failure   Level
a - Scorch                Fire           20%        2d6       11%         2

Your spell library contained the following spells:

 Spells                   Type           Power      Damage    Failure   Level
 Magic Dart               Conj           0%         1d3       24%         1
 Call Imp                 Summ           0%         N/A       36%         2
 Mephitic Cloud           Conj/Pois/Air  0%         N/A       58%         3


Dungeon Overview and Level Annotations

Branches:
Dungeon (2/15)

Altars:


Innate Abilities, Weirdness & Mutations

You are too large for most types of armour.
You have tough skin. (AC +1)


Message History

The adder attacks as you move away! The adder bites you.
You are more poisoned.
The adder poisons you!
A bat comes into view.
Found a stone staircase leading down.
You feel very sick. The adder attacks as you move away!
The adder closely misses you.
Found a notched steel ring.
You feel sick. The bat closely misses you. The hobgoblin barely misses you.
The adder bites you but does no damage.
You miss the bat.
You feel sick. The bat hits you but does no damage.
The adder barely misses you. The hobgoblin closely misses you.
The adder bites you.
You closely miss the bat.
You feel sick. The bat hits you but does no damage.
The adder bites you but does no damage. The adder bites you.
The hobgoblin barely misses you. The adder closely misses you.
The bat hits you but does no damage. The adder closely misses you.
You closely miss the bat.
You feel sick. The bat hits you. The hobgoblin hits you. The adder bites you.
* * * LOW HITPOINT WARNING * * *
The adder bites you.
* * * LOW HITPOINT WARNING * * *
You are more poisoned.
The adder poisons you! The adder barely misses you. The hobgoblin hits you.
* * * LOW HITPOINT WARNING * * *
Unknown command.
You completely miss the adder.
* * * LOW HITPOINT WARNING * * *
You feel very sick. The bat barely misses you. The adder bites you.
* * * LOW HITPOINT WARNING * * *
The adder completely misses you. The hobgoblin hits you.
* * * LOW HITPOINT WARNING * * *
The adder closely misses you.
You closely miss the adder.
* * * LOW HITPOINT WARNING * * *
You feel sick. The adder bites you.
* * * LOW HITPOINT WARNING * * *
The adder barely misses you. The bat hits you but does no damage.
The hobgoblin hits you.
You die...

###.=......#
.........#.###.##.#
#...>....... .....# ##
#..........##....# #..
#............#...###>.#
#.......#..............
#......b............##.
#.....@#####......#.##.
#....gSSg...........##.
#.....K....<....=......
#####.#................
.............)......
.....................†
#......................
.........##............
............####.#.###.


You could see 2 adders, 2 hobgoblins, a bat and a kobold.

Vanquished Creatures
  An adder (D:2)
  A dart slug (D:2)
  2 endoplasms (D:1)
  A giant cockroach (D:1)
  3 goblins (D:1)
  3 hobgoblins (D:1)
  3 jackals (D:1)
  2 quokkas (D:1)
  2 bats (D:2)
  A kobold (D:1)
  3 rats
22 creatures vanquished.

Notes
Turn   | Place    | Note
-------+----------+-------------------------------------------
     0 | D:1      | AtlasWard the Ogre Cinder Acolyte began the quest for the
                  | Orb.
     0 | D:1      | Reached XP level 1. HP: 24/24 MP: 2/2
   181 | D:1      | Reached XP level 2. HP: 24/32 MP: 3/3
   270 | D:1      | Learned a level 2 spell: Scorch
   856 | D:2      | Reached XP level 3. HP: 40/40 MP: 4/4
  1007 | D:2      | HP: 2/40 [adder (1)]
  1007 | D:2      | Slain by a hobgoblin

Illustrated notes

Levels and vault maps discovered:
D:1:      sevenhm_arrival_forest_fort_small_3, layout_loops_ring,
          minmay_hedge_maze
D:2:      layout_rooms, shapermc_ecumenical_altar_flowoftime

Skill      XL: |  1  2 |
---------------+-------+-----
Maces & Flails | 3 |  3.4
Fire Magic     | 3 |  3.0
Fighting       | |  4.4
Spellcasting   | |  1.2

Action                     || total
---------------------------++-------
  Melee: Mace              ||    67
   Cast: Scorch            ||     2
 Armour: Robe              ||    27
  Dodge: Dodged            ||    58

Table legend: (Time is in decaauts)
 A = Elapsed time spent in this place.
 B = Non-inter-level travel time spent in this place.
 C = Inter-level travel time spent in this place.
 D = Time resting spent in this place.
 E = Time spent auto-exploring this place.
 F = Levels seen in this place.
 G = Mean time per level.
                   A        B        C        D        E       F      G
               +--------+--------+--------+--------+--------+-----+--------+
         Total |   1023 |    978 |     45 |      0 |    805 |   2 |  511.5 |
       Dungeon |   1023 |    978 |     45 |      0 |    805 |   2 |  511.5 |
               +--------+--------+--------+--------+--------+-----+--------+

Top non-repeatable levels by time:
     D:1: 834 daAuts
     D:2: 189 daAuts
